 Dungeon Crawl Stone Soup version 0.31-a0-45-g5f0c076935 (webtiles) character file.

Game seed: 14679141571721555360

1663070 Flugkiller the Spry (level 23, 176/176 HPs)
             Began as an Octopode Cinder Acolyte on May 21, 2023.
             Was an Initiate of Gozag.
             Escaped with the Orb
             ... and 3 runes on May 22, 2023!
             The game lasted 01:51:54 (58840 turns).

Flugkiller the Spry (Octopode Cinder Acolyte)      Turns: 58840, Time: 01:51:55

Health: 176/176    AC:  3    Str: 20    XL:     23   Next: 89%
Magic:  39/39      EV: 39    Int: 29    God:    Gozag
Gold:   296        SH:  8    Dex: 33    Spells: 5/46 levels left

rFire   + . .        F - +9 lajatang (spect)
rCold   + . .        (shield currently unavailable)
rNeg    + . .        l - +2 hood of the Assassin {Detect Stab+ Stlth++}
rPois   +            K - brooch of Shielding {Spirit SH+8}
rElec   .            e - +6 ring of strength
rCorr   +            f - ring of Foolhardiness {Wiz rPois Will+ Int+3}
SInv    .            y - +6 ring of dexterity
Will    +++..        L - ring of Gega {rC+ rN+}
Stlth   +++          p - ring of protection from fire
HPRegen 0.49/turn    a - +6 ring of intelligence
MPRegen 0.26/turn    u - ring "Edwa" {rPois rCorr Int+4 Dex+3}
                     r - +6 ring of dexterity

%: guardian spirit, wizardry (x1)
@: studying 2 skills
A: almost no armour, amphibious, 8 rings, camouflage 1, gelatinous body 1,
(nimble swimmer 1), tentacles, deterioration 1, strong-willed 1
0: Orb of Zot
}: 3/15 runes: decaying, slimy, gossamer
a: Renounce Religion, Potion Petition, Call Merchant, Bribe Branch


You escaped.
You worshipped Gozag.
Gozag was aware of your devotion.
You visited 10 branches of the dungeon, and saw 49 of its levels.
You visited the Abyss 1 time.
You visited 3 bazaars.
You also visited: Trove, Bailey and Gauntlet.

You collected 19074 gold pieces.
You spent 3953 gold pieces at shops.
You paid 14825 gold pieces to Gozag.

Inventory:

Hand Weapons
 F - a +9 spectral lajatang (weapon)
   (You took it off Agnes on level 14 of the Dungeon)
Missiles
 D - 7 throwing nets (quivered)
 Q - a curare-tipped dart
Armour
 l - the +2 hood of the Assassin (worn) {Detect Stab+ Stlth++}
   (You acquired it on level 3 of the Depths)

   Detect:    It allows the wearer to sense nearby creatures.
   Stab+:     It allows the wearer to make particularly effective stabbing
   attacks against helpless or unaware enemies with any weapon.
   Stlth:     It makes you much more stealthy.
Jewellery
 a - a +6 ring of intelligence (on tentacle)
   (You bought it in a shop in a bazaar)
 c - a ring of protection from cold
   (You found it on level 4 of the Vaults)
 e - a +6 ring of strength (left tentacle)
   (You found it on level 1 of the Spider Nest)
 f - the ring of Foolhardiness (right tentacle) {Wiz rPois Will+ Int+3}
   (You bought it in a shop in a bazaar)

   [ring of wizardry]

   It improves your spell success rate.
   Int:       It affects your intelligence (+3).
   rPois:     It protects you from poison.
   Will:      It increases your willpower.
 g - the amulet of Goarogeh {Rampage rPois Regen+ SInv Stlth+}
   (You found it on level 2 of the Vaults)

   [amulet of regeneration]

   rPois:     It protects you from poison.
   SInv:      It lets you see invisible.
   Regen:     It increases your rate of health regeneration.
   Rampage:   It bestows one free step when moving towards enemies.
   Stlth:     It makes you more stealthy.
 i - a ring of see invisible
   (You took it off an ironbound preserver on level 3 of the Vaults)
 p - a ring of protection from fire (on tentacle)
   (You found it on level 11 of the Dungeon)
 r - a +6 ring of dexterity (on tentacle)
   (You bought it in a shop in a bazaar)
 u - the ring "Edwa" (on tentacle) {rPois rCorr Int+4 Dex+3}
   (You found it on level 1 of the Vaults)

   [ring of poison resistance]

   Int:       It affects your intelligence (+4).
   Dex:       It affects your dexterity (+3).
   rPois:     It protects you from poison.
   rCorr:     It protects you from acid and corrosion.
 y - a +6 ring of dexterity (on tentacle)
   (You found it on level 6 of the Dungeon)
 K - the brooch of Shielding (around mantle) {Spirit SH+8}
   (You found it in a Gauntlet)

   [amulet of guardian spirit]

   It causes incoming damage to be divided between your reserves of health and
   magic.
   SH:        It affects your SH (+8).
 L - the ring of Gega (on tentacle) {rC+ rN+}
   (You bought it in a shop in a bazaar)

   [ring of protection from cold]

   rC:        It protects you from cold.
   rN:        It protects you from negative energy.
 T - a ring of ice
   (You found it on level 4 of the Depths)
Wands
 s - a wand of roots (43)
   (You found it on level 9 of the Dungeon)
 A - a wand of mindburst (52)
   (You found it on level 8 of the Dungeon)
 B - a wand of light (28)
   (You found it on level 8 of the Dungeon)
 V - a wand of paralysis (31)
   (You found it on level 1 of the Lair of Beasts)
 Z - a wand of digging (16)
   (You found it on level 2 of the Swamp)
Scrolls
 b - 9 scrolls of poison
 o - 4 scrolls of fear
 t - 10 scrolls of teleportation
 z - 3 scrolls of blinking
 C - 2 scrolls of magic mapping
 I - 3 scrolls of immolation
 J - 4 scrolls of silence
 M - 4 scrolls of summoning
 R - 7 scrolls of vulnerability
 S - 4 scrolls of fog
Potions
 d - 9 potions of might
 h - 8 potions of haste
 j - 2 potions of magic
 k - 8 potions of ambrosia
 m - 10 potions of brilliance
 n - 3 potions of resistance
 q - 13 potions of curing
 w - 8 potions of heal wounds
 E - 13 potions of flight
 G - 6 potions of cancellation
 W - 2 potions of invisibility
Miscellaneous
 H - a tin of tremorstones (1/2)
   (You found it on level 10 of the Dungeon)
 N - a box of beasts
   (You found it in a Gauntlet)
 P - a lightning rod (4/4)
   (You found it in a Gauntlet)
 Y - a phial of floods
   (You found it on level 12 of the Dungeon)


   Skills:
 - Level 20.0 Fighting
 - Level 10.0(12.7) Polearms
 - Level 12.6(14.0) Staves
 + Level 20.5 Dodging
 - Level 4.0 Stealth
 - Level 12.0 Spellcasting
 - Level 15.0 Conjurations
 - Level 5.0 Hexes
 - Level 13.0 Summonings
 - Level 11.0 Transmutations
 - Level 5.0 Fire Magic
 - Level 11.0 Earth Magic
 - Level 10.0 Evocations


You had 5 spell levels left.
You knew the following spells:

 Your Spells              Type           Power      Damage    Failure   Level
a - Iron Shot             Conj/Erth      37%        9d7       1%          6
b - Petrify               Tmut/Erth      69%        N/A       1%          4
c - Summon Mana Viper     Hex/Summ       62%        N/A       1%          5
d - Spellforged Servitor  Conj/Summ      39%        N/A       3%          7
e - Lehudib's Crystal Sp  Conj/Erth      37%        10d9      34%         8
f - Statue Form           Tmut/Erth      46%        N/A       1%          6
i - Irradiate             Conj/Tmut      37%        3d24      1%          5

Your spell library contained the following spells:

 Spells                   Type           Power      Damage    Failure   Level
 Magic Dart               Conj           100%       1d8       0%          1
 Summon Small Mammal      Summ           100%       N/A       0%          1
 Call Imp                 Summ           100%       N/A       0%          2
 Searing Ray              Conj           100%       2d8       0%          2
 Apportation              Tloc           34%        N/A       1%          1
 Freeze                   Ice            68%        1d8       1%          1
 Kiss of Death            Conj/Necr      100%       2d13      1%          1
 Sandblast                Erth           100%       2d20      1%          1
 Slow                     Hex            100%       N/A       1%          1
 Blink                    Tloc           34%        N/A       1%          2
 Cigotuvi's Dreadful Rot  Necr/Pois/Air  34%        N/A       1%          2
 Ensorcelled Hibernation  Hex/Ice        62%        N/A       1%          2
 Lesser Beckoning         Tloc           34%        N/A       1%          2
 Momentum Strike          Conj/Tloc      100%       3d10      1%          2
 Passwall                 Tmut/Erth      57%        N/A       1%          2
 Scorch                   Fire           92%        2d9       1%          2
 Sublimation of Blood     Necr           17%        N/A       1%          2
 Call Canine Familiar     Summ           75%        N/A       1%          3
 Confusing Touch          Hex            46%        N/A       1%          3
 Dazzling Flash           Conj/Hex       100%       N/A       1%          3
 Hailstorm                Conj/Ice       57%        3d12      1%          3
 Ignite Poison            Fire/Tmut/Pois 48%        N/A       1%          3
 Inner Flame              Hex/Fire       46%        N/A       1%          3
 Mephitic Cloud           Conj/Pois/Air  46%        N/A       1%          3
 Portal Projectile        Hex/Tloc       62%        N/A       1%          3
 Spider Form              Tmut/Pois      49%        N/A       1%          3
 Stone Arrow              Conj/Erth      100%       3d13      1%          3
 Summon Guardian Golem    Hex/Summ       62%        N/A       1%          3
 Volatile Blastmotes      Fire/Tloc      62%        2d15      1%          3
 Cause Fear               Hex            23%        N/A       1%          4
 Iskenderun's Mystic Bla  Conj/Tloc      57%        2d12      1%          4
 Leda's Liquefaction      Hex/Erth       29%        N/A       1%          4
 Summon Lightning Spire   Summ/Air       53%        N/A       1%          4
 Blade Hands              Tmut           34%        N/A       1%          5
 Fireball                 Conj/Fire      33%        3d14      1%          5
 Iskenderun's Battlesphe  Conj           81%        2d13      1%          5
 Lee's Rapid Deconstruct  Erth           34%        3d17*     1%          5
 Summon Forest            Summ/Tloc      26%        N/A       2%          5
 Frozen Ramparts          Ice            34%        1d6       3%          3
 Ozocubu's Armour         Ice            17%        N/A       3%          3
 Swiftness                Air            17%        N/A       3%          3
 Alistair's Intoxication  Tmut/Pois      32%        N/A       3%          5
 Anguish                  Hex/Necr       15%        N/A       4%          4
 Freezing Cloud           Conj/Ice/Air   23%        6-21      4%          5
 Manifold Assault         Tloc           17%        N/A       12%         4
 Olgreb's Toxic Radiance  Pois           17%        N/A       12%         4
 Passage of Golubria      Tloc           17%        N/A       12%         4
 Silence                  Hex/Air        15%        N/A       12%         5
 Orb of Destruction       Conj           40%        9d11      2%          7
 Starburst                Conj/Fire      33%        6d10      3%          6
 Summon Hydra             Summ           37%        N/A       4%          7
 Conjure Ball Lightning   Conj/Air       28%        3x3d8     9%          6
 Dragon Form              Tmut           34%        N/A       12%         7
 Eringya's Noxious Bog    Tmut/Pois      24%        N/A       19%         6
 Malign Gateway           Summ/Tloc      26%        N/A       54%         7
 Storm Form               Tmut/Air       24%        N/A       69%         7
 Enfeeble                 Hex            23%        N/A       75%         7
 Dispersal                Tloc           8%         N/A       86%         6
 Dragon's Call            Summ           37%        N/A       99%         9
 Ozocubu's Refrigeration  Ice            8%         4d9       100%        7
 Discord                  Hex            23%        N/A       100%        8
 Disjunction              Tloc           8%         N/A       100%        8
 Ignition                 Fire           23%        3d8       100%        8
 Maxwell's Capacitive Co  Air            8%         ∞         100%        8
 Polar Vortex             Ice            8%         N/A       100%        9
 Animate Armour           Summ/Erth      Unusable   N/A       N/A         4
 Simulacrum               Ice/Necr       Unusable   N/A       N/A         6

Dungeon Overview and Level Annotations

Branches:
Dungeon (15/15)            Temple (1/1) D:6            Lair (5/5) D:9
  Swamp (4/4) Lair:3       Spider (4/4) Lair:2        Slime (5/5) Lair:5
    Orc (2/2) D:12            Elf (0/3) Orc:2        Vaults (4/5) D:14
  Crypt (0/3) Vaults:2     Depths (4/4) D:15            Zot (5/5) Depths:4
 Bailey (visited)         Gauntlet (visited)

Altars:
Ashenzari
Cheibriados
Dithmenos
Elyvilon
Fedhas
Gozag
Hepliaklqana
Kikubaaqudgha
Makhleb
Nemelex Xobeh
Okawaru
Qazlal
Ru
Sif Muna
Trog
Uskayaw
Vehumet
Wu Jian
Xom
Yredelemnul
Zin
The Shining One
Jiyva

Shops:
D:3 !   D:7 :   D:11 ?   D:14 [   Orc:2 *![:   Vaults:4 *   Depths:1 =*(*?:
Depths:3 ==:   Depths:4 :[

Portals:
Hell: Depths:1 Depths:2 Depths:3 Depths:4
Abyss: Depths:3
Pandemonium: Orc:2 Depths:1 Depths:2 Depths:4
Ziggurat: Depths:2

Annotations:
D:5 3 runed translucent doors, P0068685's ghost, novice HOFi; Swamplord's ghost, novice BaFi
D:7 2 transporters, nago's ghost, novice OpEE
Temple 2 transporters
Lair:3 exclusion: oklob plant
Swamp:1 2 transporters, bmj180's ghost, adept DrFE
Swamp:4 2 transporters, Domino's ghost, adept MiBe
Depths:1 3 runed translucent doors, Kipaog's ghost, adept BaRe
Depths:2 2 runed translucent doors, bmj180's ghost, veteran MfIE


Innate Abilities, Weirdness & Mutations

You cannot wear most types of armour.
You are amphibious.
You can wear up to eight rings at the same time.
Your skin changes colour to match your surroundings (Stealth+).
Your rubbery body absorbs attacks. (AC +1, EV +1)
((You are camouflaged when in or above water. (Stealth+)))
You have tentacles for arms and can constrict up to eight enemies at once.
Your body sometimes deteriorates upon taking damage.
You are strong-willed. (Will+)


Message History

You sense a monster nearby.
Unknown command.
You see here a +0 mace.
A lorocyproca, a seraph and a daeva come into view.
The seraph is wielding a +5 great sword of flaming.
The daeva is wielding a +4 eudemon blade of holy wrath.
The lorocyproca moves out of view.
The daeva moves out of view.
There is a stone staircase leading up here.
You climb upwards.
There is a stone staircase leading down here.
(D) Dungeon (T) Temple (L) Lair (S) Swamp (N) Spider Nest (M) Slime Pits (O) Orcish Mines (E) Elven Halls (V) Vaults (C) Crypt (U) Depths (H) Hell (Z) Zot
Where to? (Enter - D:1 @ (x,y), ? - help)
There is a stone staircase leading up, spattered with blood here.
You climb upwards.
There is a stone staircase leading down, spattered with blood here.
There is an open door here.
A neqoxec comes into view.
You slice the neqoxec!! You grab the neqoxec. You squeeze the neqoxec.
You kill the neqoxec!
(D) Dungeon (T) Temple (L) Lair (S) Swamp (N) Spider Nest (M) Slime Pits (O) Orcish Mines (E) Elven Halls (V) Vaults (C) Crypt (U) Depths (H) Hell (Z) Zot
Where to? (Enter - D:1 @ (x,y), ? - help)
You see here a +0 flail.
There is a stone staircase leading up here.
You climb upwards.
There is a stone staircase leading down here.
There is a stone staircase leading up here.
You climb upwards.
Level annotation: 2 transporters, nago's ghost, novice OpEE A profane servitor comes into view.
It is wielding a +2 demon whip of draining.
There is a stone staircase leading down here.
Unknown command.
Casting: Statue Form (mildly dangerous; 1% risk of failure)
Confirm with . or Enter, or press ? or * to list all spells.
You turn into a living statue of rough stone.
The profane servitor completely misses you.
You block the profane servitor's attack.
You open the profane servitor like a pillowcase!!!
You grab the profane servitor. You squeeze the profane servitor.
The profane servitor is moderately damaged.
Your +9 spectral lajatang hits the profane servitor!
You constrict the profane servitor.
You hear a shout!
You block the profane servitor's attack.
The profane servitor completely misses you.
You closely miss the profane servitor. You squeeze the profane servitor!!
The profane servitor is severely damaged.
Your +9 spectral lajatang hits the profane servitor!!!
You constrict the profane servitor.
You destroy the profane servitor!
No target in view!
Your +9 spectral lajatang disappears.
You now have 296 gold pieces (gained 4).
Things that are here:
a +2 demon whip of draining; a +0 club; a +0 club You revert to your normal fleshy form.
(D) Dungeon (T) Temple (L) Lair (S) Swamp (N) Spider Nest (M) Slime Pits (O) Orcish Mines (E) Elven Halls (V) Vaults (C) Crypt (U) Depths (H) Hell (Z) Zot
Where to? (Enter - D:1 @ (x,y), ? - help)
There is a stone staircase leading down here.
Magic restored.
There is an entrance to Wuqul's Book Shoppe here.
There is a stone staircase leading up here.
You climb upwards.
There is a stone staircase leading down here.
There is an escape hatch in the ceiling here.
A mysterious force pulls you upwards. The hatch slams shut behind you.
Level annotation: 3 runed translucent doors, P0068685's ghost, novice HOFi; Swamplord's ghost, novice BaFi
There is a stone staircase leading up here.
You climb upwards.
There is a stone staircase leading down here.
A toenail golem comes into view.
There is a stone staircase leading up here.
You climb upwards.
There is a stone staircase leading down here.
(D) Dungeon (T) Temple (L) Lair (S) Swamp (N) Spider Nest (M) Slime Pits (O) Orcish Mines (E) Elven Halls (V) Vaults (C) Crypt (U) Depths (H) Hell (Z) Zot
Where to? (Enter - D:1 @ (x,y), ? - help)
There is an open door here.
There is an open door here.
There is a stone staircase leading up here.
You climb upwards.
There is a stone staircase leading down here.
There is a stone staircase leading up here.
You climb upwards.
There is a stone staircase leading down here.
You see here a +0 dagger.
There is an open door here.
There is an open door here.
There is a staircase leading out of the dungeon here.
Enter note: gg You have escaped!

#### ...# ##.## ##..#
########### .#.##
##.........## ...##
#..♣..@..♣..# ....#
##.........## ...#######
#####'##### #####
.#..##...######...######...##
###.#.......................#
##..#..⌠........⌠........⌠..#
#...#.......................#
##..##...######...######...##
#..###'## ##>## ##'##


There were no monsters in sight!

Vanquished Creatures
  the Royal Jelly (Slime:5)
  Sojobo (Depths:4)
  Bai Suzhen (Vaults:4)
  Nikola (Spider:2)
  5 golden dragons
  A profane servitor (D:7)
  Arachne (Spider:2)
  A Brimstone Fiend (Depths:2)
  A bone dragon (Depths:4)
  2 tentacled monstrosities
  3 liches
  Mlioglotl (Spider:2)
  7 Orb Guardians
  A deep elf blademaster (Depths:2)
  11 acid blobs
  2 sphinxes (Vaults:3)
  Frances (Swamp:2)
  Agnes (D:14)
  2 tengu reavers (Depths:4)
  A thorn hunter (Swamp:3)
  2 draconian monks
  6 rockslimes
  Kirke (D:14)
  A frost giant (Depths:4)
  A storm dragon (Depths:4)
  14 vault wardens
  4 fire giants
  5 azure jellies (Slime:5)
  A draconian knight (Zot:3)
  3 emperor scorpions (Spider:4)
  3 ghost moths
  Louise (Spider:2)
  A draconian scorcher (Zot:3)
  2 draconian stormcallers (Zot:3)
  Aizul (Spider:4)
  A caustic shrike zombie (Depths:3)
  2 orc warlords
  18 very ugly things
  A war gargoyle (Vaults:4)
  A draconian annihilator (Depths:4)
  15 stone giants
  12 ironbound preservers
  2 caustic shrike skeletons (Depths:3)
  9 quicksilver oozes
  8 ironbound thunderhulks
  2 eleionomae
  3 vampire knights
  2 green draconians
  10 dire elephants
  2 black draconians
  A yellow draconian (Zot:3)
  4 purple draconians
  A spark wasp (Spider:1)
  A minotaur (Gauntlet)
  A bunyip (Swamp:2)
  2 red draconians (Zot:3)
  2 white draconians (Zot:3)
  3 entropy weavers
  Josephine (D:10)
  A green death (Abyss:2)
  7 ettins
  6 fire dragons
  3 jiangshi (Depths:2)
  A crystal guardian (Vaults:4)
  A merfolk javelineer (Depths:2)
  6 yaktaur captains
  12 vault guards
  7 great orbs of eyes
  3 peacekeepers
  A radroach (Spider:1)
  3 ice dragons
  A rakshasa (Depths:2)
  5 ironbound frosthearts
  9 hydras
  3 demonspawn (Orc:2)
  A ghost crab (Swamp:3)
  4 boulder beetles
  17 centaur warriors
  Erica (D:11)
  6 spriggan air magi
  2 death knights (Vaults:2)
  4 alligators
  9 death yaks
  A vampire mage (Depths:2)
  5 deep troll shamans
  2 tengu warriors (Depths:1)
  Urug (Lair:4)
  4 orc high priests
  2 two-headed ogres
  2 deep troll earth magi
  A deep elf knight (Swamp:2)
  7 spriggan berserkers
  A soul eater (Depths:1)
  A sun moth (Spider:3)
  3 pharaoh ants
  2 wretched stars (Abyss:2)
  18 hell knights
  A sixfirhy (Depths:2)
  3 goliath frogs
  A spark wasp zombie (D:15)
  A fire crab (shapeshifter) (Depths:1)
  3 iron trolls
  5 orb spiders
  33 deep trolls
  A death drake (Swamp:4)
  3 bog bodies
  Pikel (D:6)
  8 swamp dragons
  7 wizards
  17 orc knights
  4 steelbarb worms
  2 deep elf archers (Depths:2)
  2 phantasmal warriors (Vaults:4)
  14 lindwurms
  2 deep elf pyromancers
  9 ironbound convokers
  7 necromancers
  7 shining eyes
  2 large abominations (Abyss:2)
  18 wolf spiders
  5 orc sorcerers (Orc:2)
  32 ugly things
  5 cyclopes
  6 manticores
  A fire giant zombie (Vaults:1)
  A human zombie (Vaults:3)
  A stone giant zombie (Vaults:3)
  6 moths of wrath
  A salamander (Depths:1)
  14 elephants
  A stone giant skeleton (Vaults:3)
  3 black mambas
  2 apocalypse crabs (Abyss:2)
  3 demonic crawlers
  A torpor snail (Spider:4)
  11 vault sentinels
  2 eyes of devastation
  2 gargoyles
  3 smoke demons
  11 cane toads
  2 efreet
  An unseen horror (shapeshifter) (D:14)
  2 unseen horrors (D:12)
  3 rime drakes (Lair:5)
  A tengu conjurer (D:12)
  A yaktaur zombie (Vaults:1)
  3 ice devils
  Maggie (D:7)
  3 kobold demonologists
  5 komodo dragons
  36 yaktaurs
  A red devil (Zot:3)
  An ancient zyme (Abyss:2)
  3 polar bears
  8 trolls
  A queen bee (Gauntlet)
  4 tyrant leeches
  Grinder (D:6)
  13 blink frogs
  6 dream sheep (Lair:4)
  8 hornets
  A raiju (Swamp:2)
  11 tarantellas
  A spriggan zombie (D:15)
  61 slime creatures
  20 jumping spiders
  Sigmund (D:2)
  A ynoxinul (Abyss:2)
  An ettin skeleton (Vaults:1)
  6 spriggans
  3 shadows
  4 wyverns
  63 yaks
  11 culicivoras
  A spriggan (shapeshifter) (D:14)
  4 nameless horrors
  8 water elementals (Depths:2)
  Grum (D:9)
  A fire elemental (Depths:1)
  8 wraiths
  2 basilisks (Lair:1)
  A hog (D:14)
  12 humans (D:14)
  30 redbacks
  3 wargs
  9 vampire mosquitoes
  A chaos spawn (Orc:2)
  A neqoxec (D:9)
  9 swamp worms
  Menkaure (D:6)
  3 acid dragons
  Edmund (D:6)
  A glowing shapeshifter zombie (Depths:3)
  2 glowing shapeshifter skeletons
  13 water moccasins
  7 swamp drakes
  A black bear (D:4)
  3 ice beasts
  24 orc warriors
  7 ogres
  A black bear (shapeshifter) (Abyss:2)
  13 starcursed masses (Abyss:2)
  8 wolves
  4 boggarts (Vaults:2)
  4 centaurs
  A phantom (D:6)
  2 lemures (D:6)
  12 bullfrogs
  Blork the orc (D:6)
  2 kobold brigands
  3 gnoll sergeants
  3 scorpions
  8 wights (D:8)
  A small abomination (Abyss:2)
  16 killer bees
  3 howler monkeys
  2 lava snakes (D:9)
  A crimson imp (Abyss:2)
  3 hounds
  2 quasits (Abyss:2)
  12 orc priests
  2 sleepcaps
  3 iguanas
  15 orc wizards
  Terence (D:2)
  A hound zombie (D:4)
  Robin (D:2)
  10 gnolls
  9 adders
  A shadow imp (D:8)
  3 white imps (Gauntlet)
  An ufetubus (D:6)
  4 adder zombies (D:4)
  2 worms
  4 dart slugs
  37 orcs
  7 endoplasms
  2 giant cockroaches
  18 hobgoblins
  4 quokkas
  6 ball pythons
  9 bats
  4 frilled lizards
  25 goblins
  24 kobolds
  6 rats
1363 creatures vanquished.

Vanquished Creatures (collateral kills)
  An orb of fire (Zot:5)
  the Lernaean hydra (Swamp:4)
  A golden dragon (Zot:2)
  Rupert (D:14)
  An electric golem (Zot:5)
  A hellephant (Zot:5)
  Jorgrun (Swamp:2)
  A lich (Vaults:3)
  A titan (Vaults:3)
  2 Orb Guardians (Zot:5)
  Asterion (Spider:2)
  2 acid blobs (Slime:5)
  A death cob (Zot:5)
  A thorn hunter (Swamp:2)
  Donald (Swamp:2)
  An azure jelly (Slime:2)
  A shadow dragon (Depths:4)
  A rockslime (Slime:5)
  2 storm dragons
  Roxanne (D:14)
  A draconian knight (Depths:4)
  2 ghost moths
  A vault warden (Vaults:1)
  2 ironbound preservers
  2 orc warlords
  2 quicksilver oozes
  2 ironbound thunderhulks
  2 very ugly things
  A stone giant (Depths:2)
  3 dire elephants
  2 eleionomae
  A purple draconian (Depths:4)
  A crystal guardian (Vaults:1)
  2 bunyips
  A merfolk impaler (Depths:2)
  A yaktaur captain (Vaults:3)
  A shambling mangrove (Swamp:4)
  A rakshasa (D:15)
  2 entropy weavers
  3 great orbs of eyes
  A vault guard (Vaults:1)
  9 hydras
  An ironbound frostheart (Vaults:4)
  An ogre mage (D:15)
  2 centaur warriors
  A death knight (D:12)
  A radroach (Spider:1)
  3 catoblepae (Lair:5)
  3 alligators
  A deep troll shaman (Depths:3)
  7 two-headed ogres
  2 death yaks
  2 spriggan berserkers
  5 orc high priests
  A deep troll earth mage (Depths:4)
  A vampire mage (D:15)
  A soul eater (Zot:5)
  2 hell knights (Depths:2)
  A skyshark (Lair:3)
  3 deep trolls
  3 skeletal warriors
  A glowing orange brain (Vaults:1)
  An iron troll (Depths:3)
  2 goliath frogs
  3 orb spiders
  A bog body (Lair:3)
  2 pharaoh ants (Spider:4)
  A golden dragon skeleton (D:15)
  4 spriggan druids
  2 orc knights
  2 deep elf archers
  2 lindwurms
  4 swamp dragons
  A steelbarb worm (Spider:3)
  2 ironbound convokers (Vaults:1)
  2 deep elf zephyrmancers (Orc:2)
  4 necromancers
  4 wolf spiders
  A fire giant zombie (D:15)
  4 orc sorcerers (Orc:2)
  3 manticores
  A will-o-the-wisp (Swamp:4)
  A cyclops (D:15)
  5 ugly things
  A tengu skeleton (Vaults:3)
  2 moths of wrath (Zot:5)
  An elephant (Lair:5)
  2 vault sentinels
  A rust devil (Orc:2)
  A cane toad (Lair:5)
  11 yaktaurs
  A komodo dragon (Lair:3)
  A demonic crawler (Spider:4)
  A hellion (Zot:5)
  An ice devil (Orc:2)
  A tengu conjurer (D:12)
  3 trolls
  A tarantella (shapeshifter) (D:15)
  2 tyrant leeches
  15 tarantellas
  6 hornets
  10 jumping spiders
  3 slime creatures
  5 culicivoras
  4 spriggans
  A wraith (D:13)
  A wyvern (Lair:5)
  8 yaks
  4 vampire mosquitoes
  6 humans (D:14)
  15 redbacks
  A warg (Orc:2)
  A basilisk (D:14)
  An acid dragon (D:12)
  8 swamp worms
  2 swamp drakes (Swamp:4)
  16 orc warriors
  A black bear (shapeshifter) (D:15)
  A boggart (Vaults:2)
  5 ogres
  A centaur (D:12)
  2 electric eels
  10 orc priests
  2 orc wizards (Orc:1)
  A gnoll (D:7)
  16 orcs
336 creatures vanquished.

Vanquished Creatures (others)
  An orb of fire (Zot:5)
  2 Killer Klowns (Zot:5)
  A golden dragon (Zot:5)
  A tentacled monstrosity (Zot:5)
  11 Orb Guardians (Zot:5)
  A shadow dragon (Zot:5)
  2 draconian monks (Zot:5)
  2 ghost moths
  A draconian scorcher (Zot:5)
  2 draconian annihilators (Zot:5)
  2 green draconians (Zot:5)
  2 white draconians (Zot:5)
  3 yellow draconians (Zot:5)
  A purple draconian (Zot:5)
  A yaktaur captain (Vaults:4)
  A deep troll (Vaults:3)
  A deep elf pyromancer (D:13)
  A moth of wrath (Zot:5)
  A yaktaur (Vaults:3)
  2 tyrant leeches
  2 bloated husks
  A kobold (D:7)
  36 foxfires
  68 spectral weapons
146 creatures vanquished.

Grand Total: 1845 creatures vanquished

Notes
Turn   | Place    | Note
-------+----------+-------------------------------------------
     0 | D:1      | Flugkiller the Octopode Cinder Acolyte began the quest for
                  | the Orb.
     0 | D:1      | Reached XP level 1. HP: 16/16 MP: 2/2
    99 | D:1      | Reached skill level 1 in Stealth
   151 | D:1      | Reached XP level 2. HP: 15/21 MP: 3/3
   177 | D:1      | Learned a level 2 spell: Scorch
   573 | D:1      | Reached XP level 3. HP: 26/26 MP: 4/4
   848 | D:2      | Noticed Robin
   877 | D:2      | Killed Robin
   900 | D:2      | Reached XP level 4. HP: 25/33 MP: 5/5
  1134 | D:2      | Noticed Sigmund
  1340 | D:2      | Noticed Terence
  1346 | D:2      | Killed Terence
  1420 | D:2      | Reached XP level 5. HP: 37/37 MP: 8/8
  1855 | D:2      | Killed Sigmund
  1856 | D:2      | Reached XP level 6. HP: 38/45 MP: 5/9
  1998 | D:3      | Reached skill level 5 in Fighting
  2420 | D:3      | Found Sikhisen's Distillery.
  2425 | D:3      | Bought a potion of curing for 36 gold pieces
  2425 | D:3      | Bought a potion of lignification for 36 gold pieces
  2516 | D:3      | Found a faded altar of an unknown god.
  3155 | D:4      | Noticed a black bear
  3176 | D:4      | Reached XP level 7. HP: 39/51 MP: 4/10
  3553 | D:4      | Found a basalt altar of Yredelemnul.
  3607 | D:4      | Reached skill level 1 in Dodging
  3803 | D:5      | Entered Level 5 of the Dungeon
  3878 | D:5      | Reached skill level 5 in Polearms
  4102 | D:5      | Found a runed translucent gate.
  4102 | D:5      | Found a runed translucent gate.
  4103 | D:5      | Found a runed translucent gate.
  4104 | D:5      | Noticed Swamplord's ghost (novice BaFi)
  4104 | D:5      | Noticed P0068685's ghost (novice HOFi)
  4915 | D:6      | Reached XP level 8. HP: 54/57 MP: 4/11
  5097 | D:6      | Noticed Edmund
  5513 | D:6      | Noticed Blork the orc
  5524 | D:6      | Killed Blork the orc
  5527 | D:6      | Reached skill level 5 in Dodging
  5527 | D:6      | Reached skill level 1 in Evocations
  5678 | D:6      | Noticed Menkaure
  5683 | D:6      | Killed Menkaure
  5813 | D:6      | Noticed Pikel
  5824 | D:6      | Killed Pikel
  5825 | D:6      | Reached skill level 5 in Fire Magic
  5825 | D:6      | Reached XP level 9. HP: 24/62 MP: 4/13
  6056 | D:6      | Found a staircase to the Ecumenical Temple.
  6174 | D:6      | HP: 3/62 [poisoned by a scorpion]
  6405 | D:6      | Noticed Grinder
  6409 | D:6      | Paralysed by Grinder for 5 turns
  6414 | D:6      | Killed Grinder
  6808 | D:7      | Found Wuqul's Book Shoppe.
  6898 | D:7      | Found a transporter.
  6907 | D:7      | Noticed nago's ghost (novice OpEE)
  7258 | D:7      | Found a transporter.
  7378 | D:7      | Noticed Maggie
  7397 | D:7      | Killed Maggie
  7401 | D:6      | Found an ornate altar of the Wu Jian Council.
  7401 | D:6      | Found a sacrificial altar of Ru.
  7756 | D:7      | Reached XP level 10. HP: 56/68 MP: 9/15
  8156 | D:8      | Reached skill level 10 in Polearms
  8186 | D:8      | Learned a level 5 spell: Irradiate
  8329 | D:8      | Reached skill level 1 in Transmutations
  8342 | D:7      | Reached skill level 1 in Conjurations
  9139 | D:9      | Found a staircase to the Lair.
  9183 | D:9      | Noticed Grum
  9220 | D:9      | Noticed a cyclops
  9223 | D:9      | Killed Grum
  9224 | D:9      | Reached skill level 5 in Spellcasting
  9233 | D:9      | Killed a cyclops
  9350 | D:9      | Found a flagged portal.
  9357 | Bailey   | Entered a bailey
  9509 | Bailey   | Reached XP level 11. HP: 59/72 MP: 19/19
  9556 | Bailey   | Noticed an orc knight
  9600 | Bailey   | Killed an orc knight
 11021 | D:10     | Entered Level 10 of the Dungeon
 11595 | D:10     | Reached skill level 5 in Conjurations
 11595 | D:10     | Reached skill level 5 in Transmutations
 13154 | D:10     | Noticed Josephine
 13159 | D:10     | Killed Josephine
 13582 | D:11     | Learned a level 4 spell: Petrify
 13587 | D:11     | Found a gate leading to a gauntlet.
 13636 | Gauntlet | Entered a Gauntlet
 13636 | Gauntlet | Found a transporter.
 13647 | Gauntlet | Found a transporter.
 13649 | Gauntlet | Found a transporter.
 13663 | Gauntlet | Found a transporter.
 13667 | Gauntlet | Found a runed translucent door.
 13669 | Gauntlet | Found a runed translucent door.
 13670 | Gauntlet | Found the brooch of Shielding {Spirit SH+8}
 13671 | Gauntlet | Found a transporter.
 13692 | Gauntlet | Found a transporter.
 13703 | Gauntlet | Found a transporter.
 13711 | Gauntlet | Noticed a ghost crab
 13714 | Gauntlet | Noticed a fire crab
 13715 | Gauntlet | Found a transporter.
 13734 | Gauntlet | Found a transporter.
 13748 | Gauntlet | Found a transporter.
 13748 | Gauntlet | Found a transporter.
 13814 | Gauntlet | Found a transporter.
 13815 | Gauntlet | Found a transporter.
 13852 | Gauntlet | Found a transporter.
 14245 | Gauntlet | Reached XP level 12. HP: 28/79 MP: 9/21
 14833 | Gauntlet | Noticed a minotaur
 14849 | Gauntlet | Killed a minotaur
 15214 | D:11     | Noticed Erica
 15236 | D:11     | Killed Erica
 15520 | D:11     | Found Miluframp's Magic Scroll Shoppe.
 15586 | D:11     | Bought a scroll of blinking for 127 gold pieces
 15587 | D:11     | Bought a scroll of fog for 68 gold pieces
 16305 | D:9      | Reached skill level 10 in Dodging
 16479 | Temple   | Entered the Ecumenical Temple
 16479 | Temple   | Found a transporter.
 16479 | Temple   | Found a transporter.
 16481 | Temple   | Found a transporter.
 16481 | Temple   | Found a transporter.
 16502 | Temple   | Fell from the grace of Ignis
 16502 | Temple   | Became a worshipper of Gozag Ym Sagoz the Greedy
 16594 | D:6      | You fall into a shaft and drop 1 floor!
 17120 | D:6      | Killed Edmund
 17131 | D:6      | You fall into a shaft and drop 1 floor!
 17235 | Lair:1   | Entered Level 1 of the Lair of Beasts
 17385 | Lair:1   | You fall into a shaft and drop 1 floor!
 17400 | Lair:2   | You fall into a shaft and drop 2 floors!
 17511 | Lair:3   | You fall into a shaft and drop 1 floor!
 17512 | Lair:4   | You fall into a shaft and drop 1 floor!
 17512 | Lair:5   | Entered Level 5 of the Lair of Beasts
 17529 | Lair:4   | Noticed Urug
 17538 | Lair:4   | Noticed a death yak
 17556 | Lair:4   | You fall into a shaft and drop 1 floor!
 17556 | Lair:5   | Found a staircase to the Slime Pits.
 17556 | Lair:5   | Found a viscous altar of Jiyva.
 17556 | Lair:5   | Was forgiven by Ignis
 17902 | Lair:5   | Reached skill level 5 in Evocations
 17999 | Lair:5   | Learned a level 5 spell: Summon Mana Viper
 18115 | Lair:5   | Reached skill level 1 in Summonings
 18116 | Lair:5   | Reached XP level 13. HP: 45/85 MP: 11/22
 18136 | Lair:5   | Reached skill level 1 in Hexes
 18691 | Lair:4   | Found a sacrificial altar of Ru.
 18861 | Lair:4   | Killed Urug
 19484 | Lair:1   | Reached skill level 5 in Summonings
 19735 | D:3      | Bought a potion of curing for 36 gold pieces
 21699 | Lair:2   | Found a hole to the Spider Nest.
 22716 | Lair:3   | Reached XP level 14. HP: 70/94 MP: 15/25
 22738 | Lair:3   | Reached skill level 5 in Hexes
 22832 | Lair:3   | Found a staircase to the Swamp.
 25645 | Lair:5   | Reached skill level 10 in Summonings
 26289 | D:12     | Reached skill level 10 in Spellcasting
 26322 | D:12     | Learned a level 7 spell: Spellforged Servitor
 26839 | D:12     | Identified the +7 long sword of Kismet {heavy, rN+++ Will-
                  | Str+3 Stlth+}
 27150 | D:12     | Reached XP level 15. HP: 87/99 MP: 24/29
 27435 | D:12     | Reached skill level 10 in Conjurations
 27555 | D:12     | Found a staircase to the Orcish Mines.
 29292 | D:14     | Found Igom's Antique Armour Shop.
 29340 | D:14     | Noticed Agnes
 29360 | D:14     | Killed Agnes
 29564 | D:14     | Found a gate to the Vaults.
 29987 | D:14     | Noticed Roxanne
 30615 | D:14     | Noticed Rupert
 30759 | D:14     | Killed Rupert
 31131 | D:14     | Killed Roxanne
 31425 | D:7      | Bought a book of Geomancy for 216 gold pieces
 31429 | D:7      | Learned a level 3 spell: Stone Arrow
 31602 | D:15     | Entered Level 15 of the Dungeon
 32045 | D:14     | Noticed Kirke
 32052 | D:14     | Killed Kirke
 32189 | D:15     | Found a staircase to the Depths.
 32225 | D:15     | Reached XP level 16. HP: 104/105 MP: 19/30
 32786 | D:15     | Identified the +0 buckler of a bazaar {Int+2}
 32873 | D:15     | Reached skill level 1 in Earth Magic
 32966 | D:15     | Learned a level 6 spell: Statue Form
 33092 | Orc:1    | Entered Level 1 of the Orcish Mines
 33259 | Orc:2    | Entered Level 2 of the Orcish Mines
 33691 | Orc:2    | Found a staircase to the Elven Halls.
 33724 | Orc:2    | Found Xova Lus's General Store.
 33908 | Orc:2    | Found Romot's Distillery.
 34554 | Orc:2    | Paralysed by an orc sorcerer for 4 turns
 35005 | Orc:2    | Found Pexyarphoi's Book Shop.
 35005 | Orc:2    | Found Gocleqye's Antique Armour Boutique.
 35006 | Orc:2    | Found a one-way gate leading to the halls of Pandemonium.
 35239 | Orc:2    | Bought a book of Iron for 576 gold pieces
 35246 | Orc:2    | Learned a level 6 spell: Iron Shot
 35473 | Spider:1 | Entered Level 1 of the Spider Nest
 35652 | Spider:1 | Reached skill level 5 in Earth Magic
 36277 | Spider:1 | Reached skill level 10 in Transmutations
 37084 | Spider:2 | Noticed Arachne
 37105 | Spider:2 | Killed Arachne
 37283 | Spider:2 | Noticed Mlioglotl
 37288 | Spider:2 | Reached XP level 17. HP: 109/109 MP: 18/32
 37297 | Spider:2 | Killed Mlioglotl
 37600 | Spider:2 | Noticed Asterion
 37614 | Spider:2 | Killed Asterion
 37764 | Spider:2 | Noticed Louise
 37774 | Spider:2 | Killed Louise
 37797 | Spider:2 | Noticed Nikola
 37803 | Spider:2 | Killed Nikola
 38341 | Spider:3 | Reached skill level 10 in Earth Magic
 38499 | Spider:3 | Reached skill level 1 in Staves
 39105 | Spider:4 | Entered Level 4 of the Spider Nest
 39228 | Spider:4 | Noticed Aizul
 39234 | Spider:4 | Killed Aizul
 40149 | Spider:4 | Reached skill level 15 in Conjurations
 40156 | Spider:4 | Reached XP level 18. HP: 101/118 MP: 2/33
 40221 | Spider:4 | Got a gossamer rune of Zot
 40613 | Swamp:1  | Entered Level 1 of the Swamp
 40802 | Swamp:1  | Found a transporter.
 40812 | Swamp:1  | Noticed bmj180's ghost (adept DrFE)
 41014 | Swamp:1  | Found a transporter.
 41262 | Swamp:2  | Noticed Donald
 41270 | Swamp:2  | Noticed Jorgrun
 41275 | Swamp:2  | Killed Donald
 41277 | Swamp:2  | Killed Jorgrun
 41278 | Swamp:2  | Reached skill level 5 in Staves
 41515 | Swamp:2  | Noticed Frances
 41523 | Swamp:2  | Killed Frances
 41787 | Swamp:2  | Reached skill level 10 in Fighting
 42652 | Swamp:4  | Entered Level 4 of the Swamp
 42730 | Swamp:4  | Found a transporter.
 42730 | Swamp:4  | Noticed Domino's ghost (adept MiBe)
 43156 | Swamp:4  | Reached skill level 15 in Dodging
 43277 | Swamp:4  | Found a transporter.
 43464 | Swamp:4  | Noticed the 27-headed Lernaean hydra
 43469 | Swamp:4  | Killed the 27-headed Lernaean hydra
 43537 | Swamp:4  | Got a decaying rune of Zot
 43877 | Vaults:1 | Entered Level 1 of the Vaults
 43938 | Vaults:1 | Reached XP level 19. HP: 127/127 MP: 22/34
 43954 | Vaults:1 | Found a flickering gateway to a bazaar.
 43963 | Bazaar   | Entered a bazaar
 43963 | Bazaar   | Found Xulycof's General Store.
 43963 | Bazaar   | Found Qiogalos's Book Shoppe.
 43963 | Bazaar   | Found Toxonee's Jewellery Emporium.
 43985 | Bazaar   | Bought a +6 ring of intelligence for 432 gold pieces
 43987 | Bazaar   | Bought a potion of haste for 110 gold pieces
 44670 | Vaults:1 | Reached skill level 10 in Staves
 44803 | Vaults:1 | Found a runed translucent door.
 44952 | Vaults:1 | Identified the ring "Edwa" {rPois rCorr Int+4 Dex+3}
 45755 | Vaults:2 | Reached XP level 20. HP: 138/138 MP: 19/35
 45948 | Vaults:2 | Found a staircase to the Crypt.
 46854 | Vaults:2 | Identified the amulet of Ethics {Spirit Rampage}
 46861 | Vaults:2 | Identified the amulet "Daoqe" {rElec Will- Regen+ Str-5
                  | Stlth+}
 46878 | Vaults:2 | Identified the amulet of Goarogeh {Rampage rPois Regen+
                  | SInv Stlth+}
 47161 | Vaults:3 | Found a flickering gateway to a bazaar.
 47252 | Bazaar   | Entered a bazaar
 47265 | Bazaar   | Found Qumevouf's Antique Weapon Emporium.
 47277 | Bazaar   | Found Ujeeloes's Antique Weapon Shoppe.
 47292 | Bazaar   | Found Xujag's Antique Armour Shoppe.
 47304 | Bazaar   | Found Ciyklus's Antique Armour Emporium.
 48312 | Abyss:2  | Cast into level 2 of the Abyss (a wizard)
 48313 | Abyss:2  | Found a corrupted altar of Lugonu.
 48314 | Abyss:2  | Found a corrupted altar of Lugonu.
 48328 | Abyss:2  | Found a corrupted altar of Lugonu.
 48449 | Abyss:2  | Paralysed by accursed screaming for 2 turns
 48459 | Abyss:2  | Found a corrupted altar of Lugonu.
 48615 | Vaults:4 | Escaped the Abyss
 49043 | Vaults:4 | Paralysed by a great orb of eyes for 3 turns
 49132 | Vaults:4 | Found Norheckop's General Store.
 49135 | Vaults:4 | Bought 2 potions of heal wounds for 120 gold pieces
 49135 | Vaults:4 | Bought 2 scrolls of fog for 96 gold pieces
 49148 | Vaults:4 | Reached XP level 21. HP: 148/148 MP: 17/36
 49267 | Vaults:4 | Noticed Bai Suzhen
 49278 | Vaults:4 | Killed Bai Suzhen
 50443 | Depths:1 | Entered Level 1 of the Depths
 50443 | Depths:1 | Found Caqiwisa's Magic Scroll Boutique.
 50460 | Depths:1 | Bought a scroll of blinking for 135 gold pieces
 50467 | Depths:1 | Bought a scroll of magic mapping for 135 gold pieces
 50486 | Depths:1 | Found a runed translucent gate.
 50487 | Depths:1 | Found a runed translucent gate.
 50488 | Depths:1 | Found a runed translucent gate.
 50490 | Depths:1 | Found Ecose's Antique Weapon Shop.
 50492 | Depths:1 | Found Solat's General Store.
 50495 | Depths:1 | Found Dokkoat's Jewellery Shop.
 50530 | Depths:1 | Found Fiquajuo's General Store.
 50550 | Depths:1 | Found a radiant altar of Vehumet.
 50593 | Depths:1 | Found a flickering gateway to a bazaar.
 50627 | Bazaar   | Entered a bazaar
 50641 | Bazaar   | Found Palo's Jewellery Shoppe.
 50641 | Bazaar   | Found Oqytwoh's Weapon Emporium.
 50675 | Bazaar   | Found Hegydoz's Jewellery Emporium.
 50743 | Bazaar   | Bought the ring of Foolhardiness {Wiz rPois Will+ Int+3}
                  | for 424 gold pieces
 50773 | Bazaar   | Bought a +6 ring of dexterity for 360 gold pieces
 50773 | Bazaar   | Bought the ring of Gega {rC+ rN+} for 362 gold pieces
 51226 | Depths:1 | Found Teicula's Book Boutique.
 51485 | Depths:1 | Found a gateway to Hell.
 51566 | Depths:1 | Noticed Kipaog's ghost (adept BaRe)
 51920 | Depths:2 | Found a portal to a secret trove of treasure.
 51989 | Depths:1 | Bought 3 scrolls of fog for 216 gold pieces
 52104 | D:11     | Bought a scroll of fog for 68 gold pieces
 52302 | Depths:2 | You paid a toll of 8 scrolls of fog to enter a treasure
                  | trove
 52303 | Trove    | Entered a treasure trove
 52329 | Trove    | Got the Tome of the Grisly Jinx
 52451 | Depths:2 | Reached skill level 15 in Fighting
 52462 | Depths:2 | Reached XP level 22. HP: 124/157 MP: 6/38
 52629 | Depths:2 | Found an iron altar of Okawaru.
 52674 | Depths:2 | Found a runed translucent door.
 52676 | Depths:2 | Found a runed translucent door.
 52677 | Depths:2 | Found a shimmering altar of Xom.
 52677 | Depths:2 | Noticed bmj180's ghost (veteran MfIE)
 52917 | Depths:2 | Found a one-way gateway to a ziggurat.
 53250 | Depths:2 | Identified the +10 trident of Neurosis {flame, Int+3 Dex+3}
 53736 | Depths:3 | Found a one-way gate to the infinite horrors of the Abyss.
 53752 | Depths:3 | Identified the +6 spear of the Penguin {drain, Stlth+}
 53809 | Depths:3 | Identified a scroll of acquirement
 54238 | Depths:3 | Found Teraikim's Jewellery Boutique.
 54240 | Depths:3 | Found Puotocs's Book Shoppe.
 54241 | Depths:3 | Found Etauxioh's Jewellery Boutique.
 54440 | Depths:4 | Entered Level 4 of the Depths
 54450 | Depths:4 | Noticed a golden dragon
 54457 | Depths:4 | Killed a golden dragon
 54607 | Depths:4 | Noticed a golden dragon
 54613 | Depths:4 | Killed a golden dragon
 54614 | Depths:4 | Found a gate to the Realm of Zot.
 54807 | Depths:4 | Reached skill level 10 in Evocations
 54850 | Depths:4 | Noticed Sojobo
 54868 | Depths:4 | Killed Sojobo
 55206 | Depths:4 | Found Emiacub's Armour Emporium.
 55206 | Depths:4 | Found Roeral's Book Shoppe.
 55228 | Depths:4 | Bought a book of the Moon for 400 gold pieces
 55237 | Depths:4 | Learned a level 8 spell: Lehudib's Crystal Spear
 56158 | Slime:1  | Entered Level 1 of the Pits of Slime
 56230 | Slime:2  | Gained mutation: You are clumsy. (Dex -2) [a shining eye]
 56233 | Slime:2  | Gained mutation: You have supernaturally acute eyesight.
                  | (SInv) [a shining eye]
 56343 | Slime:2  | Reached XP level 23. HP: 168/168 MP: 30/39
 56471 | Slime:4  | Gained mutation: Your body sometimes deteriorates upon
                  | taking damage. [a shining eye]
 56501 | Slime:5  | Entered Level 5 of the Pits of Slime
 56506 | Slime:5  | Gained mutation: Your body often deteriorates upon taking
                  | damage. [a shining eye]
 56507 | Slime:5  | Gained mutation: You sometimes lose your temper in combat.
                  | [a shining eye]
 56638 | Slime:5  | Noticed the Royal Jelly
 56738 | Slime:5  | Killed the Royal Jelly
 56976 | Slime:5  | Found the +2 Maxwell's thermic engine {flame, freeze, rev}
 56980 | Slime:5  | Found the +6 arbalest "Damnation" {damnation}
 57030 | Slime:5  | Got a slimy rune of Zot
 57179 | Lair:5   | Lost mutation: You are clumsy. (Dex -2) [potion of
                  | mutation]
 57179 | Lair:5   | Lost mutation: You have supernaturally acute eyesight.
                  | (SInv) [potion of mutation]
 57179 | Lair:5   | Lost mutation: Your body often deteriorates upon taking
                  | damage. [potion of mutation]
 57179 | Lair:5   | Gained mutation: You occasionally lose the ability to read
                  | scrolls when taking damage. [potion of mutation]
 57179 | Lair:5   | Gained mutation: You are agile. (Dex +4, Str/Int -1)
                  | [potion of mutation]
 57179 | Lair:5   | Gained mutation: One of your tentacles bears a spike.
                  | [potion of mutation]
 57180 | Lair:5   | Lost mutation: Your body sometimes deteriorates upon taking
                  | damage. [potion of mutation]
 57180 | Lair:5   | Lost mutation: You sometimes lose your temper in combat.
                  | [potion of mutation]
 57180 | Lair:5   | Gained mutation: Your magical capacity is low. (-10% MP)
                  | [potion of mutation]
 57180 | Lair:5   | Gained mutation: Your flesh is heat resistant. (rF+)
                  | [potion of mutation]
 57180 | Lair:5   | Gained mutation: A frigid envelope surrounds you and
                  | freezes all who hurt you. [potion of mutation]
 57181 | Lair:5   | Lost mutation: One of your tentacles bears a spike. [potion
                  | of mutation]
 57181 | Lair:5   | Lost mutation: A frigid envelope surrounds you and freezes
                  | all who hurt you. [potion of mutation]
 57181 | Lair:5   | Lost mutation: You are agile. (Dex +4, Str/Int -1) [potion
                  | of mutation]
 57181 | Lair:5   | Gained mutation: You possess an exceptional clarity of
                  | mind. [potion of mutation]
 57182 | Lair:5   | Lost mutation: Your flesh is heat resistant. (rF+) [potion
                  | of mutation]
 57182 | Lair:5   | Lost mutation: Your magical capacity is low. (-10% MP)
                  | [potion of mutation]
 57182 | Lair:5   | Lost mutation: You possess an exceptional clarity of mind.
                  | [potion of mutation]
 57183 | Lair:5   | Lost mutation: You occasionally lose the ability to read
                  | scrolls when taking damage. [potion of mutation]
 57183 | Lair:5   | Gained mutation: Your body sometimes deteriorates upon
                  | taking damage. [potion of mutation]
 57183 | Lair:5   | Gained mutation: You are strong-willed. (Will+) [potion of
                  | mutation]
 57524 | Zot:1    | Entered Level 1 of the Realm of Zot
 57525 | Zot:1    | Acquired the +2 hood of the Assassin {Detect Stab+ Stlth++}
 57525 | Zot:1    | Found the +2 hood of the Assassin {Detect Stab+ Stlth++}
 57544 | Zot:2    | Noticed a golden dragon
 57548 | Zot:2    | Killed a golden dragon
 57571 | Zot:2    | Noticed a golden dragon
 57579 | Zot:2    | Killed a golden dragon
 57683 | Zot:3    | Noticed a golden dragon
 57692 | Zot:3    | Killed a golden dragon
 58082 | Zot:5    | Entered Level 5 of the Realm of Zot
 58086 | Zot:5    | Noticed a golden dragon
 58093 | Zot:5    | Killed a golden dragon
 58184 | Zot:5    | Noticed a Killer Klown
 58185 | Zot:5    | Noticed an orb of fire
 58187 | Zot:5    | Noticed an orb of fire
 58187 | Zot:5    | Noticed a Killer Klown
 58188 | Zot:5    | Noticed an orb of fire
 58194 | Zot:5    | Noticed an orb of fire
 58219 | Zot:5    | Got the Orb of Zot
 58234 | Zot:5    | Killed an orb of fire
 58263 | Zot:5    | Noticed an orb of fire
 58272 | Zot:5    | Killed a golden dragon
 58278 | Zot:5    | Killed a Killer Klown
 58287 | Zot:5    | Killed an orb of fire
 58297 | Zot:5    | Noticed Alucidwogi the pandemonium lord
 58504 | Depths:1 | Noticed Hecwerof the pandemonium lord
 58504 | Depths:1 | Noticed an ancient lich
 58626 | D:11     | Noticed a seraph
 58839 | D:1      | gg
 58840 | D:$      | Escaped with the Orb!

Illustrated notes

#### ...# ##.## ##..#
########### .#.##
##.........## ...##
#..♣..@..♣..# ....#
##.........## ...#######
#####'##### #####
.#..##...######...######...##
###.#.......................#
##..#..⌠........⌠........⌠..#
#...#.......................#
##..##...######...######...##
#..###'## ##>## ##'##


Turn 58839 on D:1: gg

Levels and vault maps discovered:
D:1:      minmay_arrival_split_and_join, layout_loops_cross
D:2:      layout_loops_ring, small_statue_intersection,
          minmay_goblin_kobold_house, uniq_terence, uniq_robin, uniq_sigmund
D:3:      layout_basic, hellmonk_ecumenical_altar_arch_garden, serial_shops,
          nicolae_shop_hallway_plus
D:4:      layout_basic, nicolae_yredelemnul_corpse_copse,
          minmay_misc_feat_square
D:5:      layout_basic, gammafunk_ghost_cemetery
D:6:      layout_basic, nicolae_overflow_hidden_temple,
          minmay_temple_entry_proselytizer, uniq_grinder, uniq_blork_the_orc,
          uniq_edmund, uniq_menkaure, uniq_pikel
D:7:      layout_cave_pods, gammafunk_ghost_arena, serial_shops, shop,
          kennysheep_decorative_pillar, lightli_corner_chamber, uniq_maggie
D:8:      layout_rooms, minmay_misc_feat_pillars
D:9:      layout_stronghold, erik_lair_orcish_takeover, serial_column_ruins,
          column_ruins_hut_pillars, column_ruins_hut_water, column_ruins_grid_1,
          column_ruins_open_small_water, column_ruins_grid_1, enter_bailey_3,
          minmay_misc_feat_encased, kennysheep_donut, minmay_stone_trees_medium,
          uniq_grum
D:10:     layout_basic, uniq_josephine
D:11:     layout_loops_ring, serial_shops, shop, gauntlet_entry_generic,
          portal_ice_cave_demonic_guard, uniq_erica
D:12:     minmay_the_grid_triangle_9x9_recursive_3_mashed
          [minmay_the_grid_triangle_9x9_alien,
          minmay_the_grid_triangle_9x9_limited_checkers,
          minmay_the_grid_triangle_9x9_corrupted_corridor,
          minmay_the_grid_triangle_9x9_prize_schism,
          minmay_the_grid_triangle_9x9_empty,
          minmay_the_grid_triangle_9x9_windchime,
          minmay_the_grid_triangle_9x9_corruption,
          minmay_the_grid_triangle_9x9_pentomino_pain,
          minmay_the_grid_triangle_9x9_zippers_vertical], layout_basic
D:13:     layout_cross
D:14:     layout_basic, grunt_vaults_entry_tiered, serial_corexii_hall,
          corexii_hall_statues_x, chequers_hall_statues_wall_a,
          chequers_hall_statues_corner_a, chequers_hall_statues_y,
          corexii_hall_statues_l, chequers_hall_statues_wall_a, serial_shops,
          shop, uniq_roxanne, uniq_agnes, uniq_rupert, uniq_kirke
D:15:     gammafunk_depths_entry_grave, layout_loops_cross
Temple:   hellmonk_temple_divided_pantheon
Lair:1:   layout_cave_pods, minivault_25, chequers_serial_rivers_micro_b,
          serial_bayou_pond_c
Lair:2:   layout_regular_city, hellmonk_spider_entry_life_and_decay
Lair:3:   layout_regular_city, nicolae_swamp_entry_splash_gauntlet
Lair:4:   layout_regular_city, basic_altar, grunt_megastairs_1, uniq_urug
Lair:5:   evilmike_catoblepas_cave, layout_regular_city, slime_entry_1,
          lemuel_fruit_tree, grunt_megastairs_5
Swamp:1:  layout_falls_marsh, gammafunk_ghost_abyssal_escape,
          evilmike_swamp_ruin_house_1
Swamp:2:  layout_falls_marsh, evilmike_swamp_ruin_house_4,
          beargit_elvish_explorers, uniq_frances, uniq_donald, uniq_jorgrun
Swamp:3:  layout_basic_swamp, evilmike_swamp_ruin_house_2
Swamp:4:  swamp_old_school, layout_basic_swamp, gammafunk_ghost_mausoleum
Spider:1: layout_chambers, hangedman_spider_tarantella_strand
Spider:2: layout_spider_delve, uniq_louise, uniq_nikola, uniq_arachne,
          uniq_asterion, uniq_mlioglotl
Spider:3: layout_spider_delve, nicolae_spider_some_kinda_spiderbox
Spider:4: spider_rune_water, uniq_aizul
Slime:1:  layout_caves, cheibrodos_slime_lost_civilization_6
Slime:2:  layout_caves
Slime:3:  layout_caves
Slime:4:  layout_caves, basic_altar
Slime:5
Orc:1:    layout_diamond_mine, basic_altar
Orc:2:    pf_orc_diabolical, layout_caves, elf_legates
Vaults:1: hangedman_vaults_nails, hangedman_vaults_stream, vaults_room_fours,
          v_misc_11, vaults_room_boxed, nicolae_vaults_diamond_1,
          nicolae_vaults_trapezoid_layered,
          nicolae_vaults_offset_grid_hallway_1, nicolae_vaults_oozy_zoo,
          grunt_vaults_hallway_short, vaults_dpeg_diagonal,
          nicolae_vaults_circle_grid_a, nicolae_vaults_heist,
          vaults_dpeg_encased_lava, vaults_room_semicircle, layout_vaults_ring,
          serial_shops, bzr_in_the_mist
Vaults:2: hangedman_vaults_restitches, nicolae_vaults_doubleplus_tesselated,
          blue_anna_dwarven_crypt, vaults_room_octagon,
          nicolae_vaults_storage_closets_1, nicolae_vaults_double_plus_1,
          vaults_dpeg_cross, nicolae_vaults_what_the_h,
          nicolae_vaults_circle_grid_b, nicolae_vaults_museum,
          ontoclasm_vaults_decontamination, nicolae_vaults_mini_display_case,
          grunt_vaults_focal, layout_vaults_maze_snakey
Vaults:3: hangedman_vaults_corner_blocks, grunt_vaults_twisty, st_lattice,
          v_misc_16, v_rooms_3, vaults_standard_mumra_x,
          ontoclasm_vaults_loading_screen, nicolae_vaults_double_plus_2,
          nicolae_vaults_tetromino_T_1, v_misc_23, layout_vaults_big_room,
          serial_shops, bzr_entry_water
Vaults:4: hangedman_vaults_river_flow, nicolae_vaults_tetromino_L_1,
          nicolae_vaults_disjoint_gnomons, nicolae_vaults_cochlea,
          vaults_room_door_hall, v_misc_4, special_room_vaults
          [special_room_orc], layout_vaults_omnigrid, serial_shops,
          nicolae_shop_behind_doors, uniq_bai_suzhen
Depths:1: layout_honeycomb, serial_shops, bzr_entry_gold,
          nicolae_shop_tiny_real_fake_doors, shop, shop, hellmouth_1, pan_entry,
          ebering_ghost_rock_garden, vehumet_crystals, minmay_shop_star,
          grunt_megastairs_2
Depths:2: evilmike_iron_armoury, layout_cave_pools, enter_ziggurat_b,
          nicolae_trove_entry_columns, pan_entry, pf_coc_iceberg,
          ebering_ghost_xom, minmay_misc_feat_more_columns, minmay_acid_items
Depths:3: nicolae_hitomezashi [nicolae_hito_row, nicolae_hito_row,
          nicolae_hito_row, nicolae_hito_row, nicolae_hito_row,
          nicolae_hito_row, nicolae_hito_row, nicolae_hito_row,
          nicolae_hito_row, nicolae_hito_row, nicolae_hito_row,
          nicolae_hito_row, nicolae_hito_row, nicolae_hito_row,
          nicolae_hito_row, nicolae_hito_row, nicolae_hito_row,
          nicolae_hito_row], layout_cave_shapes, minmay_misc_feat_enclosed,
          abyss_entry, pf_hell_entry_tar_spiral, infiniplex_staircase_zigzag_1,
          minmay_shop_grove
Depths:4: grunt_zot_entry_bicorn, layout_basic, minmay_crystal_water,
          hell_entry, pan_entry, serial_bayou_shore_b, minmay_shoptagon,
          uniq_sojobo, uniq_margery
Zot:1:    layout_onion_interference
Zot:2:    layout_onion_interference
Zot:3:    layout_basic
Zot:4:    layout_gridville
Zot:5:    layout_cathedral_of_symmetry

Skill      XL: |  1  2  3  4  5  6  7  8  9 10 11 12 13 14 15 16 17 18 19 20 21 22 23 |
---------------+----------------------------------------------------------------------+-----
Stealth        | 2 3 4 |  4.0
Fighting       | 4 5 6 8 9 10 12 14 15 17 20 | 20.0
Fire Magic     | 4 5 |  5.0
Spellcasting   | 2 3 5 6 7 10 11 12 | 12.0
Polearms       | 4 5 6 9 10 | 10.0
Dodging        | 2 5 7 8 11 13 15 16 17 18 20 | 20.5
Evocations     | 2 5 7 8 10 | 10.0
Transmutations | 3 7 8 10 11 | 11.0
Conjurations   | 3 7 8 9 14 15 | 15.0
Summonings     | 1 7 10 11 12 13 | 13.0
Hexes          | 4 5 |  5.0
Earth Magic    | 7 10 11 | 11.0
Staves         | 4 8 10 12 | 12.6

Action                     |  1- 3 |  4- 6 |  7- 9 | 10-12 | 13-15 | 16-18 | 19-21 | 22-24 || total
---------------------------+-------+-------+-------+-------+-------+-------+-------+-------++-------
  Melee: Spear             |    85 |    48 |       |       |       |       |       |       ||   133
         Constrict         |    14 |    13 |    13 |    45 |    87 |   135 |   120 |    69 ||   496
         Tentacles         |    14 |    13 |    26 |    79 |   219 |   180 |   249 |   169 ||   949
         Punch             |       |     1 |     3 |     8 |    11 |    14 |    14 |     5 ||    56
         Halberd           |       |    37 |    99 |   403 |   630 |       |       |       ||  1169
         Lajatang          |       |       |       |       |   135 |   530 |   716 |   459 ||  1840
  Throw: Dart              |       |       |     9 |     8 |    13 |       |       |       ||    30
         Throwing net      |       |       |       |       |       |       |       |     2 ||     2
   Cast: Scorch            |     3 |    25 |    67 |   140 |       |       |       |       ||   235
         Irradiate         |       |       |       |    31 |    78 |     9 |    12 |     9 ||   139
         Petrify           |       |       |       |     1 |     1 |     1 |       |       ||     3
         Summon Mana Viper |       |       |       |       |    69 |     7 |     4 |     1 ||    81
         Spellforged Servi |       |       |       |       |     5 |    94 |    40 |    18 ||   157
         Statue Form       |       |       |       |       |       |    63 |    65 |    56 ||   184
         Iron Shot         |       |       |       |       |       |       |     6 |    16 ||    22
 Invoke: Fiery Armour      |       |       |     1 |     6 |       |       |       |       ||     7
         Rising Flame      |       |       |     1 |       |       |       |       |       ||     1
         Foxfire Swarm     |       |       |       |     3 |       |       |       |       ||     3
         Potion Petition   |       |       |       |       |     4 |     6 |     1 |     4 ||    15
         Bribe Branch      |       |       |       |       |       |       |       |     3 ||     3
Ability: End Transformatio |       |       |       |       |       |       |       |     9 ||     9
  Evoke: Wand              |       |     3 |     1 |     5 |    10 |     5 |     4 |     2 ||    30
         Box of beasts     |       |       |       |     1 |     1 |     1 |       |       ||     3
         Tin of tremorston |       |       |       |       |     1 |     3 |       |     3 ||     7
         Phial of floods   |       |       |       |       |     1 |       |       |       ||     1
    Use: Scroll            |       |     5 |     9 |    12 |     7 |    13 |     5 |     8 ||    59
         Potion            |       |     1 |     4 |     9 |     4 |       |     1 |     7 ||    26
   Stab: Sleeping          |     9 |     8 |    10 |     8 |     6 |     2 |     4 |     1 ||    48
         Distracted        |       |       |       |     2 |    13 |    24 |    36 |    25 ||   100
         Invisible         |       |       |       |     2 |     4 |     5 |       |       ||    11
         Petrifying        |       |       |       |       |     3 |       |       |       ||     3
         Petrified         |       |       |       |       |     3 |       |       |       ||     3
         Paralysed         |       |       |       |       |     3 |       |       |       ||     3
 Armour: Skin              |     2 |     4 |     6 |    17 |    18 |   286 |   304 |   110 ||   747
  Dodge: Dodged            |    34 |    41 |    69 |   333 |   553 |   799 |  1086 |   635 ||  3550
  Block: Other             |       |       |       |    56 |   278 |   329 |   392 |   189 ||  1244

Table legend: (Time is in decaauts)
 A = Elapsed time spent in this place.
 B = Non-inter-level travel time spent in this place.
 C = Inter-level travel time spent in this place.
 D = Time resting spent in this place.
 E = Time spent auto-exploring this place.
 F = Levels seen in this place.
 G = Mean time per level.
                   A        B        C        D        E       F      G
               +--------+--------+--------+--------+--------+-----+--------+
         Total |  63074 |  58256 |   4818 |  16257 |  25171 |  56 | 1126.3 |
       Dungeon |  23716 |  20962 |   2754 |   6944 |   9052 |  15 | 1581.1 |
        Temple |     39 |     39 |      0 |      0 |      0 |   1 |   39.0 |
          Lair |   9382 |   8670 |    712 |   3260 |   3119 |   5 | 1876.4 |
         Swamp |   3894 |   3738 |    156 |    608 |   2080 |   4 |  973.5 |
   Spider Nest |   5567 |   5402 |    165 |   1295 |   2876 |   4 | 1391.8 |
    Slime Pits |   1141 |   1083 |     58 |    311 |    100 |   5 |  228.2 |
  Orcish Mines |   2262 |   2129 |    133 |    703 |    859 |   2 | 1131.0 |
        Vaults |   7241 |   7019 |    222 |   1269 |   3532 |   4 | 1810.2 |
        Depths |   6233 |   5756 |    477 |    792 |   3096 |   4 | 1558.2 |
           Zot |   1049 |    912 |    137 |    208 |      0 |   5 |  209.8 |
         Abyss |    378 |    378 |      0 |      0 |      0 |   1 |  378.0 |
        Bazaar |    293 |    293 |      0 |      0 |    133 |   3 |   97.7 |
         Trove |     75 |     75 |      0 |      0 |      3 |   1 |   75.0 |
        Bailey |    419 |    419 |      0 |     68 |    120 |   1 |  419.0 |
      Gauntlet |   1379 |   1379 |      0 |    795 |    199 |   1 | 1379.0 |
               +--------+--------+--------+--------+--------+-----+--------+

Top non-repeatable levels by time:
     D:9: 2754 daAuts
  Lair:5: 2714 daAuts
     D:6: 2579 daAuts
    D:14: 2505 daAuts
    D:12: 2211 daAuts
Vaults:1: 2158 daAuts
   Orc:2: 2086 daAuts
Vaults:4: 1932 daAuts
Depths:1: 1901 daAuts
  Lair:3: 1748 daAuts
    D:11: 1746 daAuts
Depths:2: 1731 daAuts
  Lair:4: 1707 daAuts
  Lair:2: 1691 daAuts
Spider:1: 1621 daAuts
